Cogmind - Beta 17 *** ADVENTURER MODE // 2026.06.24 @ 20:56:00 Player: Jefffff Result: Destroyed by 8R-Z4U(j) with Overtuned Pulse Rifle Performance ------------- Evolutions (0) 0 Regions Visited (3) 600 Robots Destroyed (34) 170 Value Destroyed (740) 740 Prototype IDs (14) 280 Alien Tech Used (0) 0 Bonus (821) 821 TOTAL SCORE: 2611 Bonus ------- Follower Combat Kills 36 Registered with UFD 300 Met Optimus in HQ 500 Friendly Fire -15 Cogmind --------- Core Integrity 0/250 Matter 300/300 Energy 300/300 System Corruption 0% Temperature Warm (165) Movement Walking (330) Ox3 Location -7/Scraptown Parts ------- > --- POWER (1) -------- Angular Momentum Engine > --- PROPULSION (2) --- Aluminum Leg > --- UTILITY (2) ------ Large Storage Unit Component Analysis Suite > --- WEAPON (2) ------- Overtuned Barrage Gun > --- INVENTORY (15) --- Aluminum Leg Airjet Scrap Suit Improved Cooling System Large Storage Unit Sensor Array Makeshift Hacking Suite Scrapoid Pod Junk Cannon (0) DRS Beacon (Ready) Peak State ------------ > --- POWER ------------ Angular Momentum Engine > --- PROPULSION ------- Aluminum Leg Improved Titanium Leg > --- UTILITY ---------- Large Storage Unit Component Analysis Suite > --- WEAPON ----------- Overtuned Barrage Gun Heavy Flak Cannon > --- INVENTORY -------- Aluminum Leg Aluminum Leg Airjet Scrap Suit Improved Cooling System Large Storage Unit Sensor Array Makeshift Hacking Suite Scrapoid Pod EM Pulse Gun Junk Cannon DRS Beacon [Rating: 28] Favorites ----------- Power Ion Engine Engine Ion Engine Propulsion Aluminum Leg Leg Aluminum Leg Utility Large Storage Unit Device Improved Cooling System Storage Large Storage Unit Weapon Assault Rifle Energy Gun Small Laser Energy Cannon Beam Cannon Ballistic Gun Assault Rifle Ballistic Cannon Heavy Flak Cannon Build | -11 -10 -10 -7 ------- Run | Yrd Mat Sub Scr Slots Evolved . | . . . . Power . | . . . . Propulsion . | . . . . Utility . | . . . . Weapon . | . . . . Parts Attached 26 | 7 11 . 8 Power 4 | 1 2 . 1 Engine 4 | 1 2 . 1 Core . | . . . . Reactor . | . . . . Propulsion 7 | 2 3 . 2 Treads . | . . . . Leg 7 | 2 3 . 2 Wheel . | . . . . Hover . | . . . . Flight . | . . . . Utility 7 | 2 3 . 2 Device 3 | . 1 . 2 Storage 4 | 2 2 . . Processor . | . . . . Hackware . | . . . . Protection . | . . . . Artifact . | . . . . Weapon 8 | 2 3 . 3 Energy Gun 2 | 1 1 . . Energy Cannon 2 | . 2 . . Ballistic Gun 3 | 1 . . 2 Ballistic Cannon 1 | . . . 1 Launcher . | . . . . Special Weapon . | . . . . Impact Weapon . | . . . . Slashing Weapon . | . . . . Piercing Weapon . | . . . . Special Melee Weapon . | . . . . Unidentified Prototypes . | . . . . Parts Lost 6 | . 1 . 5 Power 1 | . . . 1 Propulsion 3 | . 1 . 2 Utility . | . . . . Weapon 2 | . . . 2 Highest Loss Streak 5 | . 1 . 5 To Critical Strikes . | . . . . Average Backups 11 | 4 12 15 11 Power 1 | . 1 2 1 Propulsion 3 | 2 3 4 3 Utility 4 | . 4 7 4 Weapon 1 | 1 2 1 1 Tool/Special . | . . . . Unused Backups 33 | 1 9 . 23 Power 2 | . 1 . 1 Propulsion 7 | . 4 . 3 Utility 15 | 1 2 . 12 Weapon 5 | . 2 . 3 Tool/Special 4 | . . . 4 Average Slot Usage (%) 99 | . 99 100 99 Engine 13 | . 14 14 13 Leg 27 | . 27 28 28 Device 11 | . 6 14 14 Storage 16 | . 21 14 14 Energy Gun 2 | . 8 . . Energy Cannon 4 | . 5 14 4 Ballistic Gun 14 | . 14 14 14 Ballistic Cannon 6 | . . . 9 Peak Build Rating 28 | 7 8 8 28 Average Rating 13 | 4 7 8 15 On Entrance 5 | . 7 8 8 Avg Prop Armor Cover (%) . | . . . . Naked Turns . | . . . . Heaviest Build 44 | 13 31 31 44 Greatest Support 30 | 20 20 20 30 Greatest Overweight (x) 1 | . 1 1 1 Average Overweight (x) . | . . 1 1 Largest Inventory Capacity 15 | 8 15 15 15 Average Capacity 14 | 6 13 15 15 Most Carried 15 | 8 15 15 15 Average Carried 13 | 4 12 15 13 Final Capacity 15 | 8 15 15 15 Final Carried 15 | 8 15 15 13 Class Distribution -------------------- 95% | Mutant 4% | Scavenger-Mutant Dominant Class ---------------- Mutant | -10/Materials Mutant | -10/Subcaves Mutant | -7/Scraptown Resources | -11 -10 -10 -7 ----------- Run | Yrd Mat Sub Scr Matter Collected 941 | 314 397 . 230 Remotely . | . . . . Salvage Created 1195 | 172 780 . 243 Parts 63 | 16 32 . 15 Haulers Intercepted 2 | . 2 . . Recyclers Shooed 2 | . 2 . . Parts Field Recycled . | . . . . Retrieved Matter . | . . . . Parts Self-Destructed 1 | . . 1 . Prevented . | . . . . Parts Restored . | . . . . Kills | -11 -10 -10 -7 ------- Run | Yrd Mat Sub Scr Combat Hostiles Destroyed 21 | . 15 . 6 Guns 16 | . 15 . 1 Cannons 5 | . . . 5 Classes Destroyed 10 | 3 4 . 3 Worker 1 | 1 . . . Tunneler 4 | 4 . . . Hauler 2 | . 2 . . Recycler 3 | 1 2 . . Watcher 3 | . 3 . . Swarmer 6 | . 6 . . Grunt 9 | . 9 . . Federalist 3 | . . . 3 Ranger 1 | . . . 1 Scrapper 2 | . . . 2 Best Kill Streak 8 | 2 8 . 3 Combat Bots Only 8 | . 8 . 3 Max Kills in Single Turn 2 | 1 2 . 1 Gunslinging 1 | . 1 . . Exploded . | . . . . Melee . | . . . . Uniques/NPCs Destroyed . | . . . . Combat | -11 -10 -10 -7 -------- Run | Yrd Mat Sub Scr Hostile Shots Fired 175 | . 86 . 89 Missed 51 | . 24 . 27 Hits 124 | . 62 . 62 Projectile 124 | . 62 . 62 Critical Strikes 5 | . 1 . 4 Damage Taken 1350 | . 455 . 895 Core 266 | . 91 . 175 Absorbed by Shields . | . . . . Ignored by Resistances 387 | . 143 . 244 Regen/Repaired (Parts) 190 | . . . 190 Core Remaining (%) 100 | 100 . . . Volleys Fired 95 | 10 69 . 16 Largest 2 | 2 2 . 2 Hottest 80 | 60 80 . 64 Shots Fired 189 | 20 137 . 32 Gun 170 | 20 133 . 17 Cannon 19 | . 4 . 15 Launcher . | . . . . Special . | . . . . Kinetic 111 | 10 69 . 32 Thermal 78 | 10 68 . . Explosive . | . . . . Electromagnetic . | . . . . Robot Hit Streak 21 | 10 21 . 7 Robot Miss Streak 3 | 1 3 . 3 Penetration Max . | . . . . Secondary Targets 4 | . 4 . . Max Gunslinging Chain 1 | . 1 . . Shots Hit Robots 141 | 16 102 . 23 Core Hits 63 | 7 38 . 18 Critical Kills 1 | . 1 . . Critical Parts Destroyed . | . . . . Critical Strikes 1 | . 1 . . Destroy 1 | . 1 . . Melee Attacks . | . . . . Impact . | . . . . Slashing . | . . . . Piercing . | . . . . Sneak Attacks . | . . . . Combat Hostiles . | . . . . Follow-up Attacks . | . . . . Damage Inflicted 1805 | 185 1247 . 373 Guns 1526 | 185 1184 . 157 Cannons 268 | . 52 . 216 Explosions . | . . . . Melee . | . . . . Ramming 11 | . 11 . . Kinetic 1079 | 69 637 . 373 Thermal 715 | 116 599 . . Explosive . | . . . . Electromagnetic . | . . . . Impact . | . . . . Slashing . | . . . . Piercing . | . . . . Highest Corruption . | . . . . Average Corruption . | . . . . Corruption Purged . | . . . . Corruption Blocked . | . . . . Overload Shots . | . . . . Overflow Damage . | . . . . Projectiles . | . . . . Explosions . | . . . . Melee . | . . . . Knockbacks 3 | . . . 3 Impact . | . . . . Kinetic 3 | . . . 3 Secondary . | . . . . Self-Inflicted Damage . | . . . . Shots . | . . . . Rammed . | . . . . Targets Rammed 1 | . 1 . . Kicked 1 | . 1 . . Crushed . | . . . . Highest Temperature 153 | . 78 . 153 Average Temperature 41 | . 30 . 55 Received Heat Transfer 895 | . 177 . 718 Siege Activations . | . . . . Martial Activations . | . . . . Shielding Activations . | . . . . Robots Disrupted . | . . . . Combat Hostiles . | . . . . Robots Corrupted . | . . . . Combat Hostiles . | . . . . Parts Fried . | . . . . Impact Corruptions . | . . . . Robots Melted . | . . . . Combat Hostiles . | . . . . Parts Melted 1 | . . . 1 Heat Transferred 1586 | 250 1336 . . Parts Sabotaged . | . . . . Parts Stolen . | . . . . Parts Stripped . | . . . . Power Chain Reactions . | . . . . Alert | -11 -10 -10 -7 ------- Run | Yrd Mat Sub Scr Maximum Alert Level . | . . . . Low Security (%) 100 | 100 100 . . Level 1 . | . . . . Level 2 . | . . . . Level 3 . | . . . . Level 4 . | . . . . Level 5 . | . . . . High Security . | . . . . Max Security . | . . . . Peak Influence 150 | 10 150 . . Initial . | . . . . Average 20 | 2 21 . . Influence Increases 446 | 30 416 . . Destroy 0b10 Robot/C 300 | . 300 . . Destroy 0b10 Robot/NC 65 | 30 35 . . Destroy Leader 60 | . 60 . . Successful Hack 12 | . 12 . . Disable Machine 9 | . 9 . . Influence Decreases 446 | 30 416 . . Time Decay 382 | 30 352 . . Lost Part 10 | . 10 . . Purge Threat 54 | . 54 . . Squads Dispatched 1 | . 1 . . Investigation 1 | . 1 . . Extermination . | . . . . Reinforcement . | . . . . Assault . | . . . . Garrison . | . . . . Intercept . | . . . . Searches Triggered . | . . . . Construction Impeded . | . . . . Haulers Reinforced . | . . . . Active Scanning Responses . | . . . . Cargo Convoy Interrupts . | . . . . Stealth | -11 -10 -10 -7 --------- Run | Yrd Mat Sub Scr Distress Signals 1 | . 1 . . Communications Jammed . | . . . . Distress Signals . | . . . . Times Spotted 44 | . 25 . 19 Peak Tracking Total 10 | . 5 . 10 Tactical Retreats . | . . . . Traps | -11 -10 -10 -7 ------- Run | Yrd Mat Sub Scr Traps Triggered 2 | . 2 . . Indirectly . | . . . . Trap Hack Attempts . | . . . . Triggered . | . . . . Disarmed . | . . . . Reprogrammed . | . . . . Reused . | . . . . Traps Extracted . | . . . . Installed . | . . . . Triggered . | . . . . Machines | -11 -10 -10 -7 ---------- Run | Yrd Mat Sub Scr Machines Disabled 1 | . 1 . . Max in Single Turn 1 | . 1 . . Machines Repaired . | . . . . Machines Dismantled . | . . . . Machines Sabotaged . | . . . . Overloaded Fab Kills . | . . . . Hacking | -11 -10 -10 -7 --------- Run | Yrd Mat Sub Scr Machines Accessed 15 | . 7 . 8 Terminals 7 | . 7 . . Fabricators . | . . . . Repair Stations . | . . . . Recycling Units . | . . . . Scanalyzers . | . . . . Garrison Access . | . . . . Total Hacks 70 | . 21 . 49 Successful 60 | . 11 . 49 Failed 10 | . 10 . . Catastrophic 2 | . 2 . . Database Lockouts . | . . . . Manual 13 | . 13 . . Terminals 21 | . 21 . . Fabricators . | . . . . Repair Stations . | . . . . Recycling Units . | . . . . Scanalyzers . | . . . . Garrison Access . | . . . . Terminal Hacks 54 | . 5 . 49 Record 48 | . . . 48 Prototype ID Bank 4 | . 4 . . Unreport Threat 1 | . 1 . . Proto ID Catalog 1 | . . . 1 Fabricator Hacks . | . . . . Repair Station Hacks . | . . . . Recycling Unit Hacks . | . . . . Scanalyzer . | . . . . Garrison Access Hacks . | . . . . Unauthorized Hacks 6 | . 6 . . Terminals 6 | . 6 . . Botnet 6 | . 6 . . Fabricators . | . . . . Repair Stations . | . . . . Recycling Units . | . . . . Scanalyzers . | . . . . Garrison Access . | . . . . Data Cores Recovered . | . . . . Used . | . . . . Hacking Detections 6 | . 6 . . Full Trace Events . | . . . . Feedback Events . | . . . . Feedback Blocked . | . . . . Robot Schematics Acquired . | . . . . Robots Built . | . . . . Authchips . | . . . . Time . | . . . . Total Robot Build Rating . | . . . . Part Schematics Acquired . | . . . . Parts Built . | . . . . Authchips . | . . . . Time . | . . . . Total Part Build Rating . | . . . . Part Studies Acquired . | . . . . Parts Repaired . | . . . . Time . | . . . . Parts Recycled . | . . . . Recycled Matter . | . . . . Retrieved Matter . | . . . . Retrieved Components . | . . . . Parts Scanalyzed . | . . . . Part Schematics Acquired . | . . . . Parts Damaged . | . . . . Bothacking | -11 -10 -10 -7 ------------ Run | Yrd Mat Sub Scr Used RIF Installer . | . . . . Robots Hacked . | . . . . Non-combat . | . . . . Combat . | . . . . Robot Hacks Applied . | . . . . Relay Couplers Released . | . . . . Fabnet Peak Effective % . | . . . . Robots Rewired . | . . . . Allies Hacked . | . . . . Hacks Repelled . | . . . . Allies | -11 -10 -10 -7 -------- Run | Yrd Mat Sub Scr Total Allies 1 | . . . 1 Largest Group 1 | . . . 1 Highest-Rated Group 49 | . . . 49 Highest-Rated Ally 49 | . . . 49 Total Orders . | . . . . Ally Attacks 7 | . . . 7 Total Damage 68 | . . . 68 Kills 1 | . . . 1 Allies Corrupted . | . . . . Allies Melted 4 | . . . 4 Intel | -11 -10 -10 -7 ------- Run | Yrd Mat Sub Scr Active Infowar (turns) 2418 | . 938 113 1367 Sensors 2418 | . 938 113 1367 Robot Analysis Total . | . . . . Derelict Logs Recovered . | . . . . Drone Launches . | . . . . Drone Recoveries . | . . . . Exploration | -11 -10 -10 -7 ------------- Run | Yrd Mat Sub Scr Turns Passed 6712 | 121 2011 113 4467 Spaces Moved 3356 | 63 990 48 2255 Core 10 | 10 . . . Treads . | . . . . Legs 3346 | 53 990 48 2255 Wheels . | . . . . Hover . | . . . . Flight . | . . . . Fastest Speed 50 | 50 120 190 190 Average Speed 184 | 108 173 190 191 Slowest Speed 195 | 120 190 190 195 Overloaded Moves . | . . . . Propulsion Burnouts . | . . . . Robots Hopped . | . . . . Potential Cave-ins . | . . . . Cave-ins Triggered . | . . . . Exploration Rate (%) 48 | 5 92 5 90 Regions Visited 3 Branch Regions 2 Pre-discovered Areas 3 | . . 1 2 Known Exits Taken . | . . . . Unknown Exits Taken 3 | 1 1 1 . Scrap Searched 4 | . . . 4 Spaces Dug . | . . . . Terrain Destroyed . | . . . . Melee . | . . . . Projectile . | . . . . AOE . | . . . . Terrain Rammed . | . . . . Walls Destroyed . | . . . . Machines Disabled . | . . . . Actions | -11 -10 -10 -7 --------- Run | Yrd Mat Sub Scr Total 3720 | 95 1157 70 2398 Wait 117 | . 48 23 46 Move 3353 | 62 989 47 2255 Hop . | . . . . Pick Up 69 | 15 20 . 34 Fast Attach 2 | 1 . . 1 Attach 9 | 6 1 . 2 Detach . | . . . . Swap 17 | . 11 . 6 Drop 57 | 1 18 . 38 Fire 95 | 10 69 . 16 Melee . | . . . . Ram . | . . . . Kick 1 | . 1 . . Crush . | . . . . Escape Stasis . | . . . . Rewire . | . . . . Trap . | . . . . Miscellaneous . | . . . . Route ------- -11/Scrapyard -10/Materials (discovered 5 exits: [*Mat x3] / [*Min] / [*Sub]) -10/Subcaves -7/Scraptown (discovered 2 exits: [*Fac x2]) History --------- Turn | Location | Event 2 | -11/Scrapyard | Met Revision 17 3 | -11/Scrapyard | Discovered new exit (range 15) 122 | -11/Scrapyard | Entered Materials 230 | -10/Materials | Discovered new exit (range 7) 310 | -10/Materials | Build established: Mutant 486 | -10/Materials | Discovered new exit (range 12) 682 | -10/Materials | Discovered new exit (range 16) 795 | -10/Materials | Discovered new exit (range 16) 921 | -10/Materials | Destroyed 8 combat bots 1180 | -10/Materials | Build established: Scavenger-Mutant 1420 | -10/Materials | Discovered new exit (range 4) 1492 | -10/Materials | Build established: Mutant 2133 | -10/Materials | Entered Subcaves 2134 | -10/Subcaves | Approached by a straggling Scientist 2206 | -10/Subcaves | Learned location of Zion (-7) 2206 | -10/Subcaves | Met a Zionite searching for "candidates" 2233 | -10/Subcaves | Scientist uncovered a shortcut to Scraptown 2246 | -10/Subcaves | Entered Scraptown 2699 | -7/Scraptown | Discovered new exit (range 11) 2768 | -7/Scraptown | Visited Cyclists 2905 | -7/Scraptown | Visited Fellowship of the Rings 2977 | -7/Scraptown | Visited TADAMA 3083 | -7/Scraptown | Visited IN-MT5's Study 3603 | -7/Scraptown | Visited CR-KLE's Repair Center 3619 | -7/Scraptown | CR-KLE repaired 6 parts 3771 | -7/Scraptown | Visited UFD Registry 3771 | -7/Scraptown | Registered with UFD as "Tooldome" 3864 | -7/Scraptown | Entered Cyclist Reading Room 4007 | -7/Scraptown | Visited Comm Corps 4174 | -7/Scraptown | Visited Curators Association 4265 | -7/Scraptown | Visited Science Guys 4343 | -7/Scraptown | Visited Abandonware Association 4370 | -7/Scraptown | Learned abandonware demo "HACKBUD.EXE" 4370 | -7/Scraptown | Learned abandonware demo "POISON.EXE" 4417 | -7/Scraptown | Visited Observation Area 4491 | -7/Scraptown | Visited Derelict Rescue Squad 4514 | -7/Scraptown | Found DRS Beacon 4525 | -7/Scraptown | Found DRS Beacon 4576 | -7/Scraptown | Visited Scrapoid Pod Storage 4588 | -7/Scraptown | Found Scrapoid Pod 4619 | -7/Scraptown | Visited Chapter 10 4758 | -7/Scraptown | Visited Junk Cannon Lab 4830 | -7/Scraptown | Visited Botcube Research 5026 | -7/Scraptown | Discovered new exit (range 3) 5373 | -7/Scraptown | Found Botcube 5874 | -7/Scraptown | Found Scrap Suit 5877 | -7/Scraptown | Found Scrap Suit 6098 | -7/Scraptown | Botcube activated 6116 | -7/Scraptown | Botcube completed mutation into legged form, armed with 1 cannon, 1 melee weapon. 6389 | -7/Scraptown | Met Optimus 6389 | -7/Scraptown | Accepted into 0bPrime 6534 | -7/Scraptown | Found Prototype Special Weapon 6548 | -7/Scraptown | Civil war broke out across Scraptown 6619 | -7/Scraptown | Lost 5 allies 6638 | -7/Scraptown | Core integrity fell below 50% 6700 | -7/Scraptown | Identified Junk Cannon 6706 | -7/Scraptown | Core integrity fell below 20% 6713 | -7/Scraptown | Destroyed by 8R-Z4U(j) with Overtuned Pulse Rifle Last Messages --------------- 06706_ Acquired Bolt Gun. 06707_ Imp. Titanium Leg destroyed. 06708_ NM-TGX(j) heat short circuits Lgt. Deuterium Engine. 06708_ RD-BNK: "RECYCLE. RECYCLE. RECYCLE." 06708_ Bolt penetrates Machine. 06708_ D7-UHQ(j) suffers critical hit (Burn). 06709_ Critical hit (Burn: +50). 06710_ Machine disabled. 06710_ Chain reaction triggered in Lgt. Ion Engine. 06710_ NM-TGX(j) overheating. 06711_ Acquired 55 matter. 06711_ YU-8C2(x) suffers critical hit (Burn). 06711_ Bolt Gun destroyed. 06712_ Aluminum Leg destroyed. 06713_ NM-TGX(j) heat spikes uncontrollably. 06713_ YU-8C2(x) heat spikes uncontrollably. 06713_ 76-YM5(j) heat spikes uncontrollably. 06713_ Dropped EM Pulse Gun. Map ----- +----------------------------------------------------+ | "## &"#???????? | | "## &"#???????? | | ""#???????? | | """""""""""""""""""""" "## " " " "#???????? | | """""""""""""""""""""" "## """"""""#???????? | | ## ################"" "##############???????? | | ##????????#"" "########?????????????? | | X"#????????#"" "##"""""#?????????????? | | "" "" ##????????#"" "## "#?????????????? | | " "" X"#??????###"" "## "#?????????????? | | " ######### #""= "## "#?????????????? | | "" *%! x%= "#?????????????? | | "" jjjg "## "#?????????????? | | " ######### #" jj"## "#?????????????? | | " "" ""#??????###"" !"##"""" #?????????????? | | "" "" ##????????#""!* % ########?????????????? | | X"#????????#""=%[j "#############????????? | | ##????????#""%[! ## """"""" "#????????? | | ## ################""!!* ! ## """""" "#????????? | | """"""""""""""""""""""%=%!= ;# " " "#????????? | | """"""""""""""""""""" =%[!=[%*= """ "#????????? | | ==[!x%## "#????????? | | = !!= ## ""#????????? | | %= ;# "#????????? | | ! =[/]=## "#????????? | | [ =[%@!!=# # #"#????????? | | """""" """ """" " !=&!"*!%## ########"#????????? | | ###### ########### ;;%#;# !=####???????##????????? | | # # # # ! #????????????????????? | | # # h ###=%*#????????????????????? | | # # *%#?#[=!#????????????????????? | | ##"###" !"""# #?# #????????????????????? | | #????#" "# #?#p #????????????????????? | | #????#" ""# #?# ############?????????? | | ?????#" ""# #?# #?????????? | | ?????#" ""# #?# ##?????????? | | ?????#" ""###########?# #?????????? | | ?????#""""""#???????????#! #?????????? | | ?????#""""""#???????????#%= #?????????? | | ?????########???????????#! ############?????????? | | ######################### #####????????????????? | | #"""##"""##"""##"""##"|"# """"#????????????????? | | # ""##" "##"""##"" ##" # "" "#????????????????? | | "#????????????????? | | " "#????????????????? | | """"#????????????????? | | #"""##"" ##"|"## !%##"" ## ######????????????????? | | #"""##"""##"""##"""##"""####?????????????????????? | | #########################????????????????????????? | | ?????????????????????????????????????????????????? | +----------------------------------------------------+ Best States ------------- Heat Dissipation 52 Energy Generation 18 Energy Capacity 300 Matter Stores 400 Matter Capacity 400 Sight Range 16 Robot Scan Range 14 Terrain Scan Density 10 Resistance: KI 20 Resistance: TH 20 Resistance: EX 20 Resistance: EM 20 Resistance: I 20 Resistance: S 20 Resistance: P 20 Evasion (%) 55 Offensive Hacking 10 Item Schematics ----------------- None Robot Schematics ------------------ None Fabricated ------------ Nothing Repaired ---------- Nothing Studied --------- None Alien Tech Used ----------------- None Achievements -------------- None Challenges ------------ None Game ------ Seed SmartbombSeismicChainsword Manual? 0 Play Time 00:26:20 Cumulative 282.1 hours Start 2026.06.24 @ 20:29:49 End 2026.06.24 @ 20:56:00 Sessions 1 Manual Loads 0 Difficulty Adventurer Special Mode None Game No. 332 Rogue 0 Adventurer 332 Explorer 0 Win Type - Total 0 Types 0/0/0/0/0/0/0/0/0/0 Lore% 74 Gallery% 57 Achievement% 39 Wizard Run 0 Options --------- Layout 2 ASCII 0 Keyboard 0 Movement Mouse Keybinds 0 Fullscreen 2 Font 48/Smallcaps Map View 50x44 Zoom Use 0% Tactical HUD 1 Map Filters NONE Filters NONE Steam 1 RUN: 18cac86c-8f49-4a62-a07a-3467f2d0f219